 Dungeon Crawl Stone Soup version 0.30-a0-304-gdc4b735fe1 (webtiles) character file.

Game seed: 13631899842339357078

10 NinjaNoafa the Cutter (level 2, 20/24 HPs)
             Began as a Demigod Gladiator on Oct 20, 2022.
             Quit the game on level 1 of the Dungeon.
             The game lasted 00:01:42 (158 turns).

NinjaNoafa the Cutter (Demigod Gladiator)            Turns: 158, Time: 00:01:42

Health: 20/24      AC:  4    Str: 15    XL:     2   Next: 0%
Magic:  4/4        EV:  8    Int: 10    God:
Gold:   0          SH: 11    Dex: 15    Spells: 1/1 levels left

rFire   . . .      SeeInvis .    a - +0 rapier
rCold   . . .      Faith    .    f - +0 tower shield
rNeg    . . .      Spirit   .    b - +0 leather armour
rPois   .          Reflect  .    c - +0 helmet
rElec   .          Harm     .    (no cloak)
rCorr   .          Rampage  .    (no gloves)
Will    .....                    (no boots)
Stlth   +.........               (no amulet)
HPRegen 0.24/turn                (no ring)
MPRegen 0.09/turn                (no ring)

@: no status effects
A: high MP 1, forlorn, divine attributes
a: no special abilities


You were on level 1 of the Dungeon.
You visited 1 branch of the dungeon, and saw 1 of its levels.

Inventory:

Hand Weapons
 a - a +0 rapier (weapon)
Missiles
 d - 3 throwing nets (quivered)
Armour
 b - a +0 leather armour (worn)
 c - a +0 helmet (worn)
 f - a +0 tower shield (worn)


   Skills:
 - Level 1.7 Fighting
 + Level 3.3 Short Blades
 - Level 1.7 Throwing
 - Level 2.6 Dodging


You had one spell level left.
You didn't know any spells.
Your spell library was empty.

Dungeon Overview and Level Annotations

Branches:
Dungeon (1/15)


Innate Abilities, Weirdness & Mutations

You have an increased reservoir of magic. (+10% MP)
You shall have no god before yourself.
Your divine heritage dramatically boosts your attributes as you level up.


Message History

You throw a javelin.
The javelin pierces through the endoplasm.
The endoplasm is severely wounded.
The endoplasm freezes you.
You are frozen.
* * * LOW HITPOINT WARNING * * *
You hit the endoplasm.
You kill the endoplasm!
You have reached level 2!
Okay, then.
Your movement speed is average.
Your attack delay is about 1.0.
Your damage rating with your +0 rapier is about 8 (Base 7 x 112% (Dex) x 109% (Skill)).
You start putting on your armour.
You continue putting on your +0 tower shield. x4
You finish putting on your +0 tower shield.
Your movement speed is average.
Your attack delay is about 1.4 (and is slowed by your shield).
Your damage rating with your +0 rapier is about 8 (Base 7 x 112% (Dex) x 109% (Skill)).
A bat comes into view.
A bat is nearby!
You block the bat's attack.
You closely miss the bat. The bat hits you but does no damage. x2
The bat closely misses you.
You barely miss the bat. The bat hits you. The bat closely misses you.
The bat hits you.
You barely miss the bat. The bat barely misses you. You block the bat's attack.
You barely miss the bat. You block the bat's attack.
You closely miss the bat. The bat hits you but does no damage.
You miss the bat. The bat barely misses you. You block the bat's attack.
You block the bat's attack. You block the bat's attack.
The bat closely misses you.
You closely miss the bat. You block the bat's attack. x2
You closely miss the bat. You block the bat's attack. x2
The bat hits you but does no damage. You block the bat's attack.
The bat hits you but does no damage.
You closely miss the bat. You block the bat's attack.
You block the bat's attack.
Your library has no spells.
Are you sure you want to abandon this character and quit the game? (Confirm with "yes".)

##........#....##.....#.#
........###.............#
..#....†...........?....##
.####.#.................#
.........................
...##...................#
..........................
....####.................#
...............b@.........
...?...##............##..
#####..##.)##.....###
##....†.).......##
#####..............
#........(#....
#.........###..
########### .


You could see a bat.

Vanquished Creatures
  A ball python (D:1)
  An endoplasm (D:1)
  A giant cockroach (D:1)
  A hobgoblin (D:1)
  2 quokkas (D:1)
  2 goblins (D:1)
8 creatures vanquished.

Notes
Turn   | Place    | Note
-------+----------+-------------------------------------------
     0 | D:1      | NinjaNoafa the Demigod Gladiator began the quest for the
                  | Orb.
     0 | D:1      | Reached XP level 1. HP: 17/17 MP: 3/3
    45 | D:1      | Reached skill level 3 in Short Blades
    92 | D:1      | Reached XP level 2. HP: 5/24 MP: 4/4
   158 | D:1      | Quit the game

Illustrated notes

Levels and vault maps discovered:
D:1:      erik_arrival_triangle_large, layout_rooms, serial_shops,
          nicolae_shop_statue_plus

Skill      XL: |  1 |
---------------+----+-----
Short Blades   | 3 |  3.3
Fighting       | |  1.7
Throwing       | |  1.7
Dodging        | |  2.6

Action                   || total
-------------------------++-------
Melee: Rapier            ||    37
Throw: Javelin           ||     1
Armor: Leather armour    ||    13
Dodge: Dodged            ||    36
Block: Tower shield      ||    13

Table legend: (Time is in decaauts)
 A = Elapsed time spent in this place.
 B = Non-inter-level travel time spent in this place.
 C = Inter-level travel time spent in this place.
 D = Time resting spent in this place.
 E = Time spent auto-exploring this place.
 F = Levels seen in this place.
 G = Mean time per level.
                   A        B        C        D        E       F      G
               +--------+--------+--------+--------+--------+-----+--------+
         Total |    164 |    164 |      0 |      0 |     65 |   1 |  164.0 |
       Dungeon |    164 |    164 |      0 |      0 |     65 |   1 |  164.0 |
               +--------+--------+--------+--------+--------+-----+--------+

Top non-repeatable levels by time:
     D:1: 164 daAuts
